 Dungeon Crawl Stone Soup version 0.30-a0-722-g3e6e8c874d (webtiles) character file.

Game seed: 16073675949340421901

20813 Newt the Thrower (level 12, -3/97 HPs)
             Began as a Demonspawn Gladiator on Jan 27, 2023.
             Was a High Priest of Okawaru.
             Shot with an arrow by Nessos (8 damage)
             ... on level 4 of the Lair of Beasts.
             The game lasted 00:14:17 (14032 turns).

Newt the Thrower (Demonspawn Gladiator)            Turns: 14032, Time: 00:14:17

Health: -3/97      AC: 22    Str: 22    XL:     12   Next: 48%
Magic:  18/18      EV: 17    Int: 12    God:    Okawaru [*****.]
Gold:   597        SH:  0    Dex: 17    Spells: 11/11 levels left

rFire   . . .      SeeInvis .    r - +9 hand axe "Kunote" {heavy, Str+4 Int+3}
rCold   . . .      Faith    .    (no shield)
rNeg    + . .      Spirit   .    v - +4 ring mail
rPois   +          Reflect  .    c - +0 helmet
rElec   .          Harm     .    S - +2 cloak
rCorr   .          Rampage  .    (no gloves)
Will    .....                    T - +1 pair of boots {Stlth+}
Stlth   ++                       (no amulet)
HPRegen 0.36/turn                F - ring of poison resistance
MPRegen 0.16/turn                J - ring of positive energy

@: agile, sanguine armoured, studying Throwing
A: icemail 1, powered by pain 3, sanguine armour 1, condensation shield,
weakness stinger 2
a: Renounce Religion, Heroism, Finesse, Duel


You were on level 4 of the Lair of Beasts.
You worshipped Okawaru.
Okawaru was extremely pleased with you.
You visited 3 branches of the dungeon, and saw 14 of its levels.

You collected 597 gold pieces.

Inventory:

Hand Weapons
 a - a +0 rapier
 d - the +1 hammer "Wocwes" {venom, +Blink rF+}
   (You found it on level 2 of the Dungeon)

   rF:        It protects you from fire.
   +Blink:    It lets you blink.
 f - a +1 dagger of speed
 j - a +0 hammer of protection
 k - a +4 hammer
 r - the +9 hand axe "Kunote" (weapon) {heavy, Str+4 Int+3}
   (You found it on level 3 of the Dungeon)

   Str:       It affects your strength (+4).
   Int:       It affects your intelligence (+3).
Missiles
 e - 8 javelins
 l - 11 boomerangs (quivered)
 m - 2 throwing nets
 I - 4 poisoned darts
 O - 3 boomerangs of dispersal
 R - an atropa-tipped dart
Armour
 b - a +0 leather armour
 c - a +0 helmet (worn)
 v - a +4 ring mail (worn)
 L - a +0 pair of boots
 S - a +2 cloak (worn)
 T - a +1 pair of boots of stealth (worn)
Jewellery
 E - a ring of ice
 F - a ring of poison resistance (left hand)
 J - a ring of positive energy (right hand)
 P - a ring of magical power
Wands
 x - a wand of charming (21)
 H - a wand of flame (29)
 M - a wand of light (10)
Scrolls
 o - 2 scrolls of fog
 s - 2 scrolls of enchant armour
 t - a scroll of vulnerability
 y - 4 scrolls of amnesia
 B - 7 scrolls of teleportation
 D - 3 scrolls of fear
 K - 2 scrolls of blinking
 Q - a scroll of poison
 U - a scroll of magic mapping {unknown}
Potions
 g - 10 potions of curing
 h - 3 potions of cancellation
 i - 4 potions of lignification
 n - 3 potions of flight
 p - a potion of attraction
 q - 3 potions of brilliance
 u - 2 potions of mutation
 w - 2 potions of invisibility
 z - a potion of resistance
 A - 2 potions of heal wounds {unknown}
 C - a potion of magic
 G - 2 potions of degeneration {unknown}
 N - a potion of haste {unknown}


   Skills:
 - Level 10.0 Fighting
 - Level 2.6 Short Blades
 - Level 10.6(11.0) Axes
 - Level 3.8(7.8) Maces & Flails
 - Level 12.0 Throwing
 - Level 5.0 Armour
 - Level 2.6 Dodging
 - Level 2.0 Stealth
 + Level 8.3 Invocations
 - Level 6.0 Evocations


You had 11 spell levels left.
You didn't know any spells.
Your spell library contained the following spells:

 Spells                   Type           Power      Damage    Failure   Level
 Freeze                   Ice            0%         1d3       45%         1
 Shock                    Conj/Air       0%         1d3       45%         1
 Ensorcelled Hibernation  Hex/Ice        0%         N/A       61%         2
 Sublimation of Blood     Necr           0%         N/A       61%         2
 Wereblood                Tmut           0%         N/A       61%         2
 Frozen Ramparts          Ice            0%         1d1       83%         3
 Hailstorm                Conj/Ice       0%         3d3       83%         3
 Inner Flame              Hex/Fire       0%         N/A       83%         3
 Spider Form              Tmut/Pois      0%         N/A       83%         3
 Swiftness                Air            0%         N/A       83%         3
 Airstrike                Air            0%         2d(0-16)  99%         4
 Anguish                  Hex/Necr       0%         N/A       99%         4
 Flame Wave               Conj/Fire      0%         2d4       99%         4
 Sticky Flame             Conj/Fire      0%         2d3       99%         4
 Blade Hands              Tmut           0%         N/A       100%        5
 Irradiate                Conj/Tmut      0%         3d11      100%        5
 Iskenderun's Battlesphe  Conj           0%         2d6       100%        5
 Iron Shot                Conj/Erth      0%         9d1       100%        6
 Dragon Form              Tmut           0%         N/A       100%        7
 Ignition                 Fire           0%         3d3       100%        8
 Spellforged Servitor     Conj/Summ      Unusable   N/A       N/A         7
 Summon Hydra             Summ           Unusable   N/A       N/A         7

Dungeon Overview and Level Annotations

Branches:
Dungeon (9/15)             Temple (1/1) D:4            Lair (4/5) D:9
  Swamp (0/4) Lair:2        Snake (0/4) Lair:3
  Slime: Lair:4-5       Orc: D:9-12

Altars:
Ashenzari
Cheibriados
Dithmenos
Fedhas
Gozag
Hepliaklqana
Kikubaaqudgha
Makhleb
Nemelex Xobeh
Okawaru
Qazlal
Ru
Sif Muna
Trog
Uskayaw
Vehumet
Wu Jian
Xom
Yredelemnul

Shops:
D:5 **   D:7 !

Annotations:
D:1 2 transporters
Lair:1 1 runed translucent door, elongatedgoose's ghost, journeyman DsGl
Lair:4 Nessos


Innate Abilities, Weirdness & Mutations

A meltable icy envelope protects you from harm. (AC +0)
You are powered by pain.
When seriously injured, your blood forms armour. (AC +6)
A meltable shield of frost defends you. (SH +0)
You have a tail ending in a sharp stinger.


Message History

You slash the komodo dragon! You tail-slap the komodo dragon.
The komodo dragon is almost dead.
You feel sick.
Nessos shoots an arrow.
The arrow hits you!
You focus on the pain.
You feel agile all of a sudden. The arrow burns you.
The komodo dragon misses you.
Nessos shoots an arrow.
The arrow completely misses you.
The komodo dragon completely misses you.
You slash the komodo dragon!
You kill the komodo dragon!
Okawaru accepts your kill.
You feel sick.
Nessos shoots an arrow.
The arrow hits you! The arrow burns you.
* * * LOW HITPOINT WARNING * * *
Throw: 6 darts (poison)
Press: ? - help, Shift-Dir - straight line, f/p - Nessos
Aim: Nessos, wielding a +2 longbow of flaming and wearing a +0 barding (moderately wounded, blind, 79% to hit)
You throw a poisoned dart. The poisoned dart hits Nessos.
Nessos is poisoned.
Nessos is moderately wounded.
You feel sick.
Throw: 5 darts (poison)
Press: ? - help, Shift-Dir - straight line, f/p - Nessos
Aim: Nessos, wielding a +2 longbow of flaming and wearing a +0 barding (moderately wounded, blind, poisoned, 79% to hit)
You throw a poisoned dart. The poisoned dart hits Nessos.
Nessos looks even sicker.
Nessos is moderately wounded.
Nessos casts a spell.
Nessos shoots an arrow.
The arrow hits you!
* * * LOW HITPOINT WARNING * * *
The arrow burns you.
You are more poisoned.
* * * LOW HITPOINT WARNING * * *
You feel better.
Aiming: Bolt of Light
Press: ? - help, Shift-Dir - straight line, f/p - Nessos
Aim: Nessos, wielding a +2 longbow of flaming and wearing a +0 barding (heavily wounded, blind, very poisoned, 84% to hit)
The bolt of light misses Nessos.
Nessos shoots an arrow.
The arrow hits you!!
* * * LOW HITPOINT WARNING * * *
The arrow burns you!
You die...

... ######
...###.P..##
..........####
###.........c(.
#..............
#..............
##.............
#.....<@†......
##...†.........
##............
#.............
###...........
#...........
##..........
##.........


You could see Nessos (blind, very poisoned).

Vanquished Creatures
  3 death yaks (D:9)
  A two-headed ogre (D:9)
  A boulder beetle (Lair:3)
  Pikel (D:5)
  An ugly thing (D:9)
  A salamander (Lair:3)
  2 black mambas (Lair:2)
  Joseph (D:8)
  4 komodo dragons
  9 cane toads
  Psyche (D:8)
  2 polar bears
  2 hornets
  Grinder (D:5)
  Sigmund (D:2)
  A wyvern (Lair:3)
  23 yaks
  Eustachio (D:4)
  A steam dragon (D:7)
  6 vampire mosquitoes (Lair:2)
  6 basilisks
  Edmund (D:4)
  7 water moccasins
  Duvessa (D:6)
  3 orc warriors
  An ice beast (D:6)
  3 black bears
  2 sky beasts (D:7)
  3 ogres
  3 wolves (Lair:1)
  3 centaurs
  A phantom (D:6)
  8 bullfrogs
  A gnoll sergeant (D:8)
  4 necrophages
  3 scorpions
  5 wights
  Dowan (D:6)
  A vampire bat (D:5)
  7 howler monkeys (D:7)
  2 electric eels (Lair:1)
  4 lava snakes (Lair:3)
  5 hounds
  A gnoll bouda (D:8)
  4 orc priests
  Crazy Yiuf (D:2)
  6 iguanas
  8 orc wizards
  Ijyb (D:4)
  13 gnolls
  8 adders
  2 river rats (D:9)
  3 shadow imps
  2 white imps
  An ufetubus (D:5)
  A worm (D:2)
  20 orcs
  13 bats
  8 endoplasms
  4 giant cockroaches
  3 goblins
  7 hobgoblins
  8 jackals
  5 quokkas
  6 ball pythons
  A frilled lizard (D:1)
  5 kobolds
  5 rats
  A spectral goblin (D:2)
275 creatures vanquished.

Vanquished Creatures (others)
  7 fungi
  27 plants
34 creatures vanquished.

Grand Total: 309 creatures vanquished

Notes
Turn   | Place    | Note
-------+----------+-------------------------------------------
     0 | D:1      | Newt the Demonspawn Gladiator began the quest for the Orb.
     0 | D:1      | Reached XP level 1. HP: 16/16 MP: 1/1
   385 | D:1      | Reached skill level 1 in Stealth
   658 | D:1      | Gained mutation: You sometimes gain a little power by
                  | taking damage. [demonic ancestry]
   658 | D:1      | Reached XP level 2. HP: 11/22 MP: 2/2
  1508 | D:2      | Reached XP level 3. HP: 22/28 MP: 3/3
  1570 | D:2      | Found a runed translucent door.
  1573 | D:2      | Noticed Crazy Yiuf
  1588 | D:2      | Killed Crazy Yiuf
  1589 | D:2      | Reached XP level 4. HP: 30/37 MP: 4/4
  1591 | D:2      | Identified the +1 hammer "Wocwes" {venom, +Blink rF+}
  1674 | D:2      | Found a faded altar of an unknown god.
  2122 | D:2      | Noticed Sigmund
  2136 | D:2      | Killed Sigmund
  2137 | D:2      | Gained mutation: When seriously injured, your blood forms
                  | armour. (AC +6) [demonic ancestry]
  2137 | D:2      | Reached XP level 5. HP: 31/42 MP: 5/5
  2422 | D:3      | Reached XP level 6. HP: 43/48 MP: 6/6
  2436 | D:3      | Identified the +9 hand axe "Kunote" {heavy, Str+4 Int+3}
  2662 | D:3      | Found a sacrificial altar of Ru.
  2721 | D:3      | Reached skill level 1 in Axes
  3020 | D:3      | Found a broken altar of Ashenzari.
  3021 | D:3      | Found a hazy altar of Hepliaklqana.
  3435 | D:4      | Noticed Edmund
  3441 | D:4      | Noticed Eustachio
  3452 | D:4      | Killed Eustachio
  3453 | D:4      | Gained mutation: You sometimes gain power by taking damage.
                  | [demonic ancestry]
  3453 | D:4      | Reached XP level 7. HP: 13/54 MP: 7/7
  3459 | D:4      | Killed Edmund
  3666 | D:4      | Noticed Ijyb
  3672 | D:4      | Found a staircase to the Ecumenical Temple.
  3676 | D:4      | Killed Ijyb
  3760 | D:4      | Found a hide-covered altar of Uskayaw.
  3940 | D:4      | You fall into a shaft and drop 2 floors!
  3954 | D:6      | Reached skill level 5 in Axes
  4089 | D:6      | Noticed Duvessa
  4089 | D:6      | Noticed Dowan
  4096 | D:6      | Killed Duvessa
  4097 | D:6      | Gained mutation: A meltable shield of frost defends you.
                  | (SH +0) [demonic ancestry]
  4097 | D:6      | Reached XP level 8. HP: 32/60 MP: 8/8
  4097 | D:6      | Killed Dowan
  4616 | D:6      | Reached skill level 1 in Armour
  4869 | D:5      | Entered Level 5 of the Dungeon
  4991 | D:5      | Noticed Grinder
  5004 | D:5      | Killed Grinder
  5066 | D:5      | Found Optoenky's General Store.
  5066 | D:5      | Found Fegh's Specific Store.
  5201 | D:5      | Reached skill level 5 in Armour
  5201 | D:5      | Gained mutation: You have a small tail. [demonic ancestry]
  5201 | D:5      | Reached XP level 9. HP: 59/65 MP: 9/9
  5556 | D:5      | Noticed Pikel
  5564 | D:5      | Killed Pikel
  6054 | Temple   | Entered the Ecumenical Temple
  6149 | Temple   | Became a worshipper of Warmaster Okawaru
  6777 | D:7      | Reached skill level 1 in Evocations
  6783 | D:7      | Reached * piety under Okawaru
  6988 | D:7      | Paralysed by a hornet for 1 turns
  6993 | D:7      | Gained mutation: A meltable icy envelope protects you from
                  | harm. (AC +0) [demonic ancestry]
  6993 | D:7      | Reached XP level 10. HP: 60/80 MP: 10/10
  6994 | D:7      | Reached skill level 5 in Evocations
  7075 | D:7      | Found Inlamm's Distillery.
  7341 | D:7      | Found a stormy altar of Qazlal.
  7741 | D:8      | Reached ** piety under Okawaru
  7941 | D:8      | Noticed Psyche
  8024 | D:8      | Paralysed by Psyche for 5 turns
  8030 | D:8      | Killed Psyche
  8100 | D:8      | Noticed Joseph
  8113 | D:8      | Killed Joseph
  8265 | D:8      | Reached skill level 5 in Invocations
  8851 | D:9      | Reached *** piety under Okawaru
  9168 | D:9      | Got the Notes on Incendiary Power
  9232 | D:9      | Noticed a cyan ugly thing
  9238 | D:9      | Killed a cyan ugly thing
  9435 | D:9      | Found a staircase to the Lair.
  9457 | D:9      | Noticed a death yak
  9457 | D:9      | Noticed a death yak
  9458 | D:9      | Noticed a death yak
  9472 | D:9      | Killed a death yak
  9473 | D:9      | Reached skill level 10 in Fighting
  9473 | D:9      | Killed a death yak
  9473 | D:9      | Reached **** piety under Okawaru
  9474 | D:9      | Gained mutation: You have a tail ending in a sharp stinger.
                  | [demonic ancestry]
  9474 | D:9      | Reached XP level 11. HP: 51/90 MP: 13/15
  9479 | D:9      | Killed a death yak
  9479 | D:9      | Received a gift from Okawaru
  9866 | D:9      | Noticed a two-headed ogre
  9872 | D:9      | Killed a two-headed ogre
  9872 | D:9      | Reached ***** piety under Okawaru
 10147 | Lair:1   | Entered Level 1 of the Lair of Beasts
 10208 | Lair:1   | Received a gift from Okawaru
 10210 | Lair:1   | Reached skill level 10 in Axes
 10508 | Lair:1   | Identified a scroll of acquirement
 10508 | Lair:1   | Acquired a manual of Throwing
 11025 | Lair:1   | Reached skill level 2 in Throwing
 11035 | Lair:1   | Reached skill level 3 in Throwing
 11069 | Lair:1   | Reached skill level 4 in Throwing
 11149 | Lair:1   | Found a runed translucent door.
 11152 | Lair:1   | Noticed elongatedgoose's ghost (journeyman DsGl)
 11152 | Lair:1   | Identified the +6 spear of Qawn {drain, Str+2}
 11309 | Lair:1   | Reached skill level 5 in Throwing
 11531 | Lair:2   | Reached skill level 6 in Throwing
 11540 | Lair:2   | Reached skill level 7 in Throwing
 11989 | Lair:2   | Reached skill level 8 in Throwing
 12120 | Lair:2   | Found a staircase to the Swamp.
 12140 | Lair:2   | Reached skill level 9 in Throwing
 12140 | Lair:2   | Gained mutation: You are powered by pain. [demonic
                  | ancestry]
 12140 | Lair:2   | Reached XP level 12. HP: 93/97 MP: 16/16
 12619 | Lair:3   | Received a gift from Okawaru
 12720 | Lair:3   | Reached skill level 10 in Throwing
 12885 | Lair:3   | Received a gift from Okawaru
 13032 | Lair:3   | Reached skill level 11 in Throwing
 13272 | Lair:3   | Noticed a boulder beetle
 13282 | Lair:3   | Received a gift from Okawaru
 13283 | Lair:3   | Reached skill level 12 in Throwing
 13299 | Lair:3   | Killed a boulder beetle
 13446 | Lair:3   | Found a staircase to the Snake Pit.
 14012 | Lair:4   | Noticed Nessos
 14013 | Lair:4   | Received a gift from Okawaru
 14032 | Lair:4   | Shot with an arrow by Nessos

Illustrated notes

Levels and vault maps discovered:
D:1:      spicycebolla_arrival_transporter_tutorial, layout_basic,
          chequers_avenue, roderic_lattice_a
D:2:      minmay_angry_zag, layout_basic,
          dreamdust_ecumenical_altar_drowned_temple, minmay_parallelograms,
          minmay_misc_feat_x, chequers_serial_rivers_small_a,
          minmay_indecisive_spiral, uniq_crazy_yiuf_cottage, uniq_sigmund
D:3:      layout_basic, nicolae_ru_awakened_eye,
          mainiacjoe_overflow_divided_tiny
D:4:      layout_basic, eat_drink_and_be_merry_uskayaw, temple_pool_b,
          serial_bayou, serial_bayou_pond_a, serial_bayou_pond_e,
          serial_bayou_shore_a, serial_bayou_lagoon_a, serial_bayou_pond_b,
          serial_bayou_pond_a, uniq_edmund, uniq_ijyb, uniq_eustachio
D:5:      layout_loops_corners, hangedman_decor_peaks_small, roderic_batcave,
          nicolae_specific_store, uniq_pikel, uniq_grinder
D:6:      layout_loops_ring, grunt_ministairs_10, uniq_duvessa
D:7:      layout_loops_cross, kennysheep_little_box, serial_shops, shop_coins,
          minmay_statues_item, minivault_11, grunt_ministairs_2,
          kennysheep_generic_room_13
D:8:      layout_cave_pods, uniq_joseph, uniq_psyche
D:9:      layout_small_grid, mainiacjoe_overflow_24_doors, dpeg_lair_monsters
Temple:   nicolae_temple_superstar
Lair:1:   layout_hall_layers, ebering_ghost_funeral_grove, basic_altar,
          serial_bayou_lake_a
Lair:2:   layout_regular_city, minmay_swamp_entry_swarm, lemuel_fruit_tree,
          grunt_megastairs_5, infiniplex_staircase_pool_2
Lair:3:   layout_chaotic_city, nicolae_snake_entry_warm_welcome,
          kennysheep_basilisk_garden
Lair:4:   layout_cave_pods, nicolae_slime_entry_field_trip, uniq_nessos

Skill      XL: |  1  2  3  4  5  6  7  8  9 10 11 12 |
---------------+-------------------------------------+-----
Stealth        | 1 2 |  2.0
Fighting       | 3 4 8 10 | 10.0
Maces & Flails | 3 |  3.8
Axes           | 3 6 7 8 10 | 10.6
Armour         | 5 |  5.0
Evocations     | 4 6 |  6.0
Invocations    | 6 8 |  8.3
Throwing       | 9 12 | 12.0
Short Blades   | |  2.6
Dodging        | |  2.6

Action                     |  1- 3 |  4- 6 |  7- 9 | 10-12 || total
---------------------------+-------+-------+-------+-------++-------
  Melee: Rapier            |    48 |       |       |       ||    48
         Punch             |     2 |       |     2 |     5 ||     9
         Dagger            |    75 |       |       |       ||    75
         Mace              |     9 |    55 |       |       ||    64
         Hand axe          |       |    49 |   180 |   360 ||   589
         Tailslap          |       |       |    13 |    48 ||    61
  Throw: Boomerang         |     2 |       |       |    36 ||    38
         Throwing net      |     3 |       |     2 |       ||     5
         Dart              |       |       |       |     4 ||     4
         Javelin           |       |       |       |     1 ||     1
 Invoke: Heroism           |       |       |       |     2 ||     2
  Evoke: Wand              |       |       |       |     2 ||     2
    Use: Scroll            |     7 |     2 |     4 |     7 ||    20
         Potion            |       |       |     1 |     1 ||     2
   Stab: Sleeping          |     2 |     2 |     3 |     8 ||    15
         Distracted        |       |     2 |       |       ||     2
 Armour: Leather armour    |    21 |    26 |       |       ||    47
         Ring mail         |       |     9 |    87 |   226 ||   322
  Dodge: Dodged            |    59 |    97 |   118 |   240 ||   514
  Block: Other             |       |       |    35 |    70 ||   105

Table legend: (Time is in decaauts)
 A = Elapsed time spent in this place.
 B = Non-inter-level travel time spent in this place.
 C = Inter-level travel time spent in this place.
 D = Time resting spent in this place.
 E = Time spent auto-exploring this place.
 F = Levels seen in this place.
 G = Mean time per level.
                   A        B        C        D        E       F      G
               +--------+--------+--------+--------+--------+-----+--------+
         Total |  14214 |  13667 |    547 |   1720 |   9933 |  14 | 1015.3 |
       Dungeon |  10185 |   9710 |    475 |    914 |   7363 |   9 | 1131.7 |
        Temple |    107 |     89 |     18 |      0 |     73 |   1 |  107.0 |
          Lair |   3921 |   3869 |     52 |    806 |   2496 |   4 |  980.2 |
               +--------+--------+--------+--------+--------+-----+--------+

Top non-repeatable levels by time:
  Lair:3: 1426 daAuts
     D:1: 1363 daAuts
     D:8: 1346 daAuts
  Lair:1: 1312 daAuts
     D:5: 1176 daAuts
     D:4: 1171 daAuts
  Lair:2: 1165 daAuts
     D:9: 1092 daAuts
     D:3: 1087 daAuts
     D:6: 1020 daAuts
     D:2: 997 daAuts
     D:7: 929 daAuts
  Temple: 107 daAuts
  Lair:4: 17 daAuts
